 Dungeon Sprint DCSS version 0.23-a0-402-g64599a1 (webtiles) character file.

240 rednecknazgul the Insei (level 5, 21/46 HPs)
             Began as a Demonspawn Monk on Nov 4, 2018.
             Quit the game in the Dungeon (Sprint IX: "|||||||||||||||||||||||||||||").
             The game lasted 00:00:33 (214 turns).

rednecknazgul the Insei (Demonspawn Monk)            Turns: 214, Time: 00:00:34

Health: 21/46      AC:  2    Str: 13    XL:     5   Next: 79%
Magic:  5/5        EV: 15    Int: 11    God:
Gold:   0          SH:  4    Dex: 15    Spells: 4/4 levels left

rFire    . . .     SeeInvis .     - Unarmed
rCold    . . .     Gourm    .   (no shield)
rNeg     . . .     Faith    .   a - +0 robe
rPois    .         Spirit   .   (no helmet)
rElec    .         Reflect  .   (no cloak)
rCorr    .         Harm     .   (no gloves)
MR       .....     NoTele   +   (no boots)
Stlth    ++........             (no amulet)
HPRegen  0.15/turn              (no ring)
MPRegen  0.09/turn              (no ring)

@: no status effects
A: talons 2, large bone plates 1
a: no special abilities


You were in the Dungeon.
You were not hungry.

You visited 1 branch

Inventory:

Armour
 a - a +0 robe (worn)
Scrolls
 h - a scroll of blinking
Potions
 c - a potion of curing
 d - a potion of heal wounds
 e - a potion of haste
 f - 2 potions of magic
Comestibles
 b - a ration


   Skills:
 + Level 6.1 Fighting
 + Level 4.7 Armour
 + Level 5.6 Dodging
 - Level 1.7 Stealth
 * Level 7.5 Unarmed Combat


You had 4 spell levels left.
You didn't know any spells.
Your spell library was empty.

Dungeon Overview and Level Annotations

Branches:
Dungeon (1/1)

Altars:
Cheibriados
Dithmenos
Elyvilon
Fedhas
Gozag
Hepliaklqana
Kikubaaqudgha
Makhleb
Nemelex Xobeh
Okawaru
Qazlal
Ru
Sif Muna
Trog
Uskayaw
Vehumet
Wu Jian
Xom
Yredelemnul
Beogh
Jiyva
Lugonu


Innate Abilities, Weirdness & Mutations

You have razor-sharp toenails.
You are partially covered in large bone plates. (SH +4)


Message History

Found a sacrificial altar of Ru.
There is a viscous altar of Jiyva here.
Found a deep blue altar of Sif Muna.
There is an ancient bone altar of Kikubaaqudgha here.
Found a bloodstained altar of Trog.
There is a corrupted altar of Lugonu here.
Found a hide-covered altar of Uskayaw.
There is a burning altar of Makhleb here.
Found a radiant altar of Vehumet.
There is a sparkling altar of Nemelex Xobeh here.
Found an ornate altar of the Wu Jian Council.
There is an iron altar of Okawaru here.
Found a shimmering altar of Xom.
There is a stormy altar of Qazlal here.
Found a basalt altar of Yredelemnul.
There is a sacrificial altar of Ru here.
There is a stormy altar of Qazlal here.
Unknown command.
Press < or > to pray at altars.
Are you sure you want to abandon this character and quit the game? (Confirm

▓_▓
▓_▓
▓_▓
▓_▓
▓_▓
▓_▓
▓_▓
▓_▓
▓@▓
▓_▓
▓_▓
▓_▓
▓_▓
▓_▓
▓_▓
▓_▓
▓_▓


There were no monsters in sight!

Vanquished Creatures
  An ogre (D)
  A centaur (D)
  A crimson imp (D)
  An orc wizard (D)
  An adder skeleton (D)
  2 dart slugs (D)
  A goblin (D)
  2 kobolds (D)
10 creatures vanquished.

Notes
Turn   | Place    | Note
-------+----------+-------------------------------------------
     0 | D        | rednecknazgul the Demonspawn Monk began the quest for the
                  | Orb.
     0 | D        | Reached XP level 1. HP: 18/18 MP: 1/1
    10 | D        | Reached skill level 3 in Unarmed Combat
    14 | D        | Reached skill level 1 in Armour
    22 | D        | Gained mutation: You have sharp toenails. [demonic
                  | ancestry]
    22 | D        | Reached XP level 2. HP: 15/24 MP: 2/2
   138 | D        | Noticed a centaur
   138 | D        | Noticed an ogre
   138 | D        | Noticed a crimson imp
   142 | D        | Killed a crimson imp
   142 | D        | Reached skill level 4 in Unarmed Combat
   142 | D        | Gained mutation: You are partially covered in large bone
                  | plates. (SH +4) [demonic ancestry]
   142 | D        | Reached XP level 3. HP: 30/30 MP: 3/3
   145 | D        | Killed an ogre
   145 | D        | Reached skill level 5 in Fighting
   145 | D        | Reached skill level 6 in Unarmed Combat
   145 | D        | Gained mutation: You have razor-sharp toenails. [demonic
                  | ancestry]
   145 | D        | Reached XP level 4. HP: 27/39 MP: 4/4
   152 | D        | Reached skill level 5 in Dodging
   152 | D        | Reached XP level 5. HP: 31/44 MP: 5/5
   156 | D        | Killed a centaur
   156 | D        | Reached skill level 7 in Unarmed Combat
   196 | D        | Found a roughly hewn altar of Beogh.
   196 | D        | Found a snail-covered altar of Cheibriados.
   196 | D        | Found a shadowy altar of Dithmenos.
   196 | D        | Found a white marble altar of Elyvilon.
   196 | D        | Found a blossoming altar of Fedhas.
   196 | D        | Found an opulent altar of Gozag.
   197 | D        | Found a hazy altar of Hepliaklqana.
   198 | D        | Found a viscous altar of Jiyva.
   199 | D        | Found an ancient bone altar of Kikubaaqudgha.
   200 | D        | Found a corrupted altar of Lugonu.
   201 | D        | Found a burning altar of Makhleb.
   202 | D        | Found a sparkling altar of Nemelex Xobeh.
   203 | D        | Found an iron altar of Okawaru.
   204 | D        | Found a stormy altar of Qazlal.
   205 | D        | Found a sacrificial altar of Ru.
   206 | D        | Found a deep blue altar of Sif Muna.
   207 | D        | Found a bloodstained altar of Trog.
   208 | D        | Found a hide-covered altar of Uskayaw.
   209 | D        | Found a radiant altar of Vehumet.
   210 | D        | Found an ornate altar of the Wu Jian Council.
   211 | D        | Found a shimmering altar of Xom.
   212 | D        | Found a basalt altar of Yredelemnul.
   214 | D        | Quit the game

Vault maps used:
D:        linesprint

Skill      XL: |  1  2  3  4  5 |
---------------+----------------+-----
Dodging        | 3 4 5 |  5.6
Unarmed Combat | 3 4 6 7 |  7.5
Armour         | 1 2 3 4 |  4.7
Fighting       | 4 5 6 |  6.1
Stealth        | |  1.7

Action                   |  1- 3 |  4- 6 || total
-------------------------+-------+-------++-------
Melee: Unarmed           |    21 |     9 ||    30
       Kick              |     1 |     2 ||     3
  Use: Potion            |     1 |       ||     1
 Stab: Sleeping          |     1 |       ||     1
Armor: Robe              |     2 |     1 ||     3
Dodge: Dodged            |     6 |     2 ||     8
Block: Other             |       |     1 ||     1

Table legend:
 A = Non-vault XP
 B = Vault XP
 C = Vault XP percentage of total XP
 D = Non-vault monster count
 E = Vault monster count
 F = Vault count percentage of total count
                 A         B        C        D         E       F
            +---------+---------+-------+---------+---------+-------
      Total |       0 |     343 | 100.0 |       0 |      10 | 100.0
            +---------+---------+-------+---------+---------+-------
          D |       0 |     343 | 100.0 |       0 |      10 | 100.0
            +---------+---------+-------+---------+---------+-------
